AoeStats
← Eidolon

Arabia

506963242Analyzed
1v1 RM · 18d ago on Sep 16, 2026· 60m 46s· 2 players
Game mode
Random Map
Map size
Tiny (2 player)
Population
200
Speed
Normal
Resources
Standard
Victory
Conquest
Starting age
Dark Age
Ending age
Imperial Age
RankedLock teamsTeams togetherTeam positionsShared explorationLock speedFull tech treeHidden civsTurbo modeCheats
Victory
Defeat
🇨🇦 Aztecs · Canada
1219
+17
🇺🇸 Persians · United States
1250
-17
The Final Phoenix
5:37 Loom
8:22 Feudal Age
9:15 Double-Bit Axe
9:10 Horse Collar
19:51 Castle Age
18:31 Bloodlines
19:07 Scale Barding Armor
19:30 Forging
20:18 Light Cavalry
23:35 Husbandry
23:50 Light Cavalry
25:37 Chain Barding Armor
26:59 Town Watch
33:27 Devotion
37:59 Iron Casting
39:57 Bow Saw
39:56 Heavy Plow
43:56 Imperial Age
42:02 Wheelbarrow
41:27 Town Patrol
41:42 Fletching
43:10 Bodkin Arrow
43:42 Ballistics
43:36 Squires
42:59 Pikeman
43:25 Arson
43:42 Scale Mail Armor
44:52 Plate Barding Armor
44:44 Masonry
44:36 Murder Holes
44:53 Masonry
44:28 Cavalier
48:56 Blast Furnace
49:49 Chemistry
49:20 Architecture
49:08 Gold Mining
49:09 Stone Mining
49:09 Hussar
50:21 Citadels
51:38 Conscription
52:05 Savar
55:02 Kamandaran
55:11 Thumb Ring
56:22 Two-Man Saw
55:06 Crossbowman
56:57 Padded Archer Armor
Eidolon
9:06 Feudal Age
9:06 Loom
13:42 Double-Bit Axe
21:50 Castle Age
20:34 Gold Mining
21:11 Scale Mail Armor
21:27 Horse Collar
22:43 Eagle Warrior
23:24 Squires
26:12 Redemption
28:44 Sanctity
28:37 Forging
40:14 Arson
42:45 Bow Saw
47:31 Imperial Age
46:10 Chain Mail Armor
48:47 Plate Mail Armor
48:41 Block Printing
48:51 Illumination
49:03 Conscription
50:01 Pikeman
50:46 Elite Eagle Warrior
53:37 Wheelbarrow
60:39 Fervor
Connection lost

Rejoining the realm…

Still unreachable

The connection could not be restored.

Session expired

The server has moved on; the page needs a fresh start.